 Dungeon Crawl Stone Soup version 0.30-a0-840-ga523dec638 (webtiles) character file.

Game seed: 12813533241527001240

42 jasper the Magician (level 3, -2/24 HPs)
             Began as a Demonspawn Hedge Wizard on Mar 1, 2023.
             Slain by a gnoll
             ... wielding a +0 flail
              (7 damage)
             ... on level 1 of the Dungeon.
             The game lasted 00:02:22 (1761 turns).

jasper the Magician (Demonspawn Hedge Wizard)       Turns: 1761, Time: 00:02:22

Health: -2/24      AC:  3    Str: 10    XL:     3   Next: 33%
Magic:  6/7        EV: 12    Int: 19    God:
Gold:   85         SH:  0    Dex: 12    Spells: 1/8 levels left

rFire   . . .      SeeInvis .    g - +4 mace
rCold   . . .      Faith    .    (no shield)
rNeg    . . .      Spirit   .    b - +0 robe
rPois   .          Reflect  .    c - +1 hat
rElec   .          Harm     .    (no cloak)
rCorr   .          Rampage  .    (no gloves)
Will    .....                    (no boots)
Stlth   ++                       (no amulet)
HPRegen 0.24/turn                (no ring)
MPRegen 0.10/turn                (no ring)

@: no status effects
A: powered by pain 1, big brain 1
a: no special abilities


You were on level 1 of the Dungeon.
You visited 1 branch of the dungeon, and saw 2 of its levels.

You collected 85 gold pieces.

Inventory:

Hand Weapons
 a - a +0 dagger
 g - a +4 mace (weapon)
Missiles
 i - 23 stones
Armour
 b - a +0 robe (worn)
 c - a +1 hat (worn)
Scrolls
 f - a scroll of butterflies {unknown}
Potions
 d - 2 potions of magic
 e - a potion of flight {unknown}


   Skills:
 - Level 1.7 Dodging
 - Level 1.7 Stealth
 + Level 3.4 Spellcasting
 * Level 2.8 Conjurations
 - Level 1.0 Summonings
 - Level 0.8 Translocations


You had one spell level left.
You knew the following spells:

 Your Spells              Type           Power      Damage    Failure   Level
a - Magic Dart            Conj           52%        1d5       4%          1
b - Blink                 Tloc           12%        N/A       16%         2
c - Cigotuvi's Dreadful   Necr/Pois/Air  6%         N/A       22%         2
d - Call Imp              Summ           7%         N/A       14%         2

Your spell library contained the following spells:

 Spells                   Type           Power      Damage    Failure   Level
 Slow                     Hex            12%        N/A       14%         1
 Mephitic Cloud           Conj/Pois/Air  6%         N/A       30%         3


Dungeon Overview and Level Annotations

Branches:
Dungeon (2/15)

Altars:


Innate Abilities, Weirdness & Mutations

You sometimes gain a little power by taking damage.
You have an unusually large brain. (Int +2)


Message History

Press: ? - help, Q - select action, (/) - cycle Shift-Dir - straight line, f - you, p - gnoll That beam is likely to hit you.
Continue anyway?
Okay, then.
What are your orders? t - Shout!
Orders for allies: a - Attack new target. r - Retreat! s - Stop attacking. g - Guard the area. f - Follow me.
Anything else - Cancel.
Gang up on whom?
Press: ? - help, Dir - move target, f - gnoll
Aim: a gnoll, wielding a +0 flail (ally target) Attack!
Your crimson imp barely misses the gnoll.
The gnoll misses your crimson imp.
Your crimson imp hits the gnoll.
The gnoll closely misses your crimson imp.
Your crimson imp hits the gnoll.
The gnoll hits your crimson imp with a +0 flail!
Your crimson imp dies!
Your crimson imp disappears in a puff of smoke!
The gnoll attacks as you move away! The gnoll closely misses you.
You see here a +0 ring mail.
There is a stone staircase leading up here.
The gnoll closely misses you.
You climb upwards.
There is a stone staircase leading down here.
You hit the gnoll. Your punch misses the gnoll.
The gnoll is moderately wounded.
The gnoll closely misses you.
You barely miss the gnoll.
The gnoll is moderately wounded.
The gnoll hits you with a +0 flail! x2
You take 15 damage, and have 9/24 hp.
MASSIVE DAMAGE!!
You hit the gnoll.
The gnoll is heavily wounded.
The gnoll hits you with a +0 flail.
* * * LOW HITPOINT WARNING * * *
You take 4 damage, and have 5/24 hp.
The gnoll attacks as you move away! The gnoll hits you with a +0 flail!
You die...

...#..........##.###########.##
...#.......##.##.#......#.##.#
...#........#.##.#.###.##....#
...#......#...##.#.#.#.##.####
...#...#####..##.#...#.##.#
...##....####.##.###.#.##.#
...#####.........#.....##.#
.......#........g....####.#
##.....#.#####..@#.### #.#
##.....#.####.##.#.# #.#
##.....#.#.......#.# #.#
##.....#.#....#..#.######.#
##.....#.####.#..#........#####
##.....#.........#............#
##.....######.##.#.#########.##
#.....# #.##.#.# #.# #.....#
#.##.#.# #.#


You could see a gnoll.

Vanquished Creatures
  An adder (D:2)
  2 ball pythons
  2 endoplasms (D:1)
  2 giant cockroaches (D:1)
  9 goblins (D:1)
  A hobgoblin (D:1)
  5 kobolds (D:1)
  2 quokkas (D:1)
  A bat (D:2)
  3 rats (D:1)
28 creatures vanquished.

Notes
Turn   | Place    | Note
-------+----------+-------------------------------------------
     0 | D:1      | jasper the Demonspawn Hedge Wizard began the quest for the
                  | Orb.
     0 | D:1      | Reached XP level 1. HP: 13/13 MP: 4/4
   132 | D:1      | Gained mutation: You sometimes gain a little power by
                  | taking damage. [demonic ancestry]
   132 | D:1      | Reached XP level 2. HP: 19/19 MP: 0/6
   460 | D:1      | Learned a level 2 spell: Blink
   463 | D:1      | Learned a level 2 spell: Cigotuvi's Dreadful Rot
   473 | D:1      | Learned a level 2 spell: Call Imp
   940 | D:1      | Gained mutation: You have an unusually large brain. (Int
                  | +2) [demonic ancestry]
   940 | D:1      | Reached XP level 3. HP: 24/24 MP: 2/7
  1761 | D:1      | Slain by a gnoll

Illustrated notes

Levels and vault maps discovered:
D:1:      dpeg_arrival_pond, layout_basic
D:2:      minmay_spotlight, layout_basic, basic_altar, serial_shops,
          nicolae_shop_crystal

Skill      XL: |  1  2 |
---------------+-------+-----
Conjurations   | 2 |  2.8
Dodging        | |  1.7
Stealth        | |  1.7
Spellcasting   | |  3.4
Summonings     | |  1.0
Translocations | |  0.8

Action                     || total
---------------------------++-------
  Melee: Dagger            ||    18
         Mace              ||     7
   Cast: Magic Dart        ||    61
         Call Imp          ||     2
    Use: Scroll            ||     5
 Armour: Robe              ||     8
  Dodge: Dodged            ||    24

Table legend: (Time is in decaauts)
 A = Elapsed time spent in this place.
 B = Non-inter-level travel time spent in this place.
 C = Inter-level travel time spent in this place.
 D = Time resting spent in this place.
 E = Time spent auto-exploring this place.
 F = Levels seen in this place.
 G = Mean time per level.
                   A        B        C        D        E       F      G
               +--------+--------+--------+--------+--------+-----+--------+
         Total |   1763 |   1721 |     42 |    222 |   1263 |   2 |  881.5 |
       Dungeon |   1763 |   1721 |     42 |    222 |   1263 |   2 |  881.5 |
               +--------+--------+--------+--------+--------+-----+--------+

Top non-repeatable levels by time:
     D:1: 1533 daAuts
     D:2: 230 daAuts
